 Dungeon Crawl Stone Soup version 0.19-a0-1021-g80cc50c (webtiles) character file.

31 qqqbard the Sneak (level 3, -1/16 HPs)
             Began as a Spriggan Enchanter on July 26, 2016.
             Slain by a kobold
             ... wielding a +0 short sword
              (6 damage)
             ... on level 2 of the Dungeon.
             The game lasted 00:02:18 (736 turns).

qqqbard the Sneak (Spriggan Enchanter)               Turns: 736, Time: 00:02:18

Health: -1/16      AC:  3    Str:  5    XL:     3   Next: 7%
Magic:  7/8        EV: 19    Int: 16    God:
Gold:   48         SH:  0    Dex: 16    Spells: 1 memorised, 6 levels left

rFire  + . .     SeeInvis +     a - +1 dagger
rCold  x . .     Gourm    .     b - +1 robe
rNeg   . . .     Faith    .     (shield restricted)
rPois  .         Spirit   .     (helmet restricted)
rElec  .         Dismiss  .     (no cloak)
rCorr  .         Reflect  .     (gloves unavailable)
SustAt .         Harm     .     (boots unavailable)
MR     .....                    (no amulet)
Stlth  +++.......               (no ring)
                                h - ring of fire

@: very quick, not resistant to hostile enchantments, fairly stealthy
A: unfitting armour, see invisible, herbivore 3, speed 3, slow metabolism 2
a: no special abilities


You were on level 2 of the Dungeon.
You were not hungry.

You visited 1 branch of the dungeon, and saw 2 of its levels.

You collected 48 gold pieces.

Inventory:

Hand Weapons
 a - a +1 dagger (weapon)
Armour
 b - a +1 robe (worn)
Jewellery
 h - a ring of fire (left hand)
Scrolls
 e - 3 scrolls of identify {unknown}
 f - a scroll of remove curse {unknown}
 g - a scroll of recharging {unknown}
 i - a scroll of enchant weapon {unknown}
 m - a scroll of fog {unknown}
Potions
 j - a potion of cancellation {unknown}
Books
 c - a book of Maledictions

   Spells                             Type                      Level
   a - Corona                         Hexes                        1
   b - Ensorcelled Hibernation        Hexes/Ice                    2
   c - Confuse                        Hexes                        3
   d - Tukima's Dance                 Hexes                        3
   e - Dazzling Spray                 Conjuration/Hexes            3
Comestibles
 d - a bread ration
 k - a slice of pizza
 l - a royal jelly


   Skills:
 * Level 1.9 Short Blades
 + Level 3.9 Dodging
 * Level 5.3 Stealth
 - Level 2.6 Spellcasting
 - Level 3.6 Hexes


You had 6 spell levels left.
You knew the following spells:

 Your Spells              Type           Power        Failure   Level  Hunger
a - Corona                Hex            ##.....      6%          1    #......


Dungeon Overview and Level Annotations

Branches:
Dungeon (2/15)

Altars:
Lugonu

Portals:
Abyss: D:1


Innate Abilities, Weirdness & Mutations

You are tiny and cannot use many weapons and most armour.
You have supernaturally acute eyesight. (SInv)
You are a herbivore.
You cover ground extremely quickly.
You need consume almost no food.


Message History

The adder is almost dead.
The adder barely misses you. The adder misses you.
You hit the adder.
You kill the adder!
You have reached level 3!
Your experience leads to an increase in your attributes!
Increase (S)trength, (I)ntelligence, or (D)exterity?
You feel stronger.
You hit the kobold.
The kobold is moderately wounded.
You closely miss the kobold.
The kobold is moderately wounded.
The kobold hits you with a short sword.
You hit the kobold but do no damage.
The kobold is moderately wounded.
The kobold completely misses you.
You barely miss the kobold.
The kobold is moderately wounded.
The kobold hits you with a short sword.
You die...

.#######.#
.........#
###.####.######.
##........
##[..#####. gg
#....# 8#o$
##...# #...#
#...# ...##@..#
...##K## #..#.#
######.#(#
.........#
........##
........#
..K....##
...(..#


You could see a kobold.

Vanquished Creatures
  An adder (D:2)
  2 oozes (D:1)
  A giant gecko (D:1)
  An orc (D:2)
  A giant cockroach (D:2)
  3 giant newts (D:1)
  A goblin (D:1)
  A kobold (D:1)
  5 rats (D:1)
16 creatures vanquished.

Notes
Turn   | Place    | Note
-------+----------+-------------------------------------------
     0 | D:1      | qqqbard the Spriggan Enchanter began the quest for the Orb.
     0 | D:1      | Reached XP level 1. HP: 9/9 MP: 5/5
    52 | D:1      | Found a corrupted altar of Lugonu.
    52 | D:1      | Found a one-way gate to the infinite horrors of the Abyss.
    52 | D:1      | Noticed a quasit
    52 | D:1      | Noticed an iron imp
    52 | D:1      | Noticed an iron imp
    52 | D:1      | Noticed a demonic crawler
    52 | D:1      | Noticed a demonic crawler
    52 | D:1      | Noticed a quasit
    52 | D:1      | Noticed an iron imp
    52 | D:1      | Noticed an iron imp
    54 | D:1      | Noticed a quasit
    55 | D:1      | Noticed a quasit
   233 | D:1      | Reached XP level 2. HP: 12/13 MP: 6/6
   360 | D:1      | Reached skill level 5 in Stealth
   732 | D:2      | Reached XP level 3. HP: 7/16 MP: 6/8
   736 | D:2      | Slain by a kobold

Vault maps used:
D:1:      erik_arrival_cave_to_civilisation, minmay_tetromino_l2
D:2:      lemuel_crystal_altar, nicolae_overflow_hidden_temple,
          minmay_misc_feat_alley, guppyfry_early_orc_mine

Skill      XL: |  1  2 |
---------------+-------+-----
Stealth        | 5 |  5.3
Short Blades   | |  1.9
Dodging        | |  3.9
Spellcasting   | |  2.6
Hexes          | |  3.6

Action                   || total
-------------------------++-------
Melee: Dagger            ||    77
 Cast: Corona            ||     1
 Stab: Sleeping          ||     5
Armor: Robe              ||     4
Dodge: Dodged            ||    53
